 Dungeon Crawl Stone Soup version 0.14-a0-2400-gb2944a8 (webtiles) character file.

344 Econoterrorist the Poker (level 6, -2/44 HPs)
             Began as a Merfolk Skald on Feb 3, 2014.
             Killed from afar by an orc wizard (5 damage)
             ... with a magic dart
             ... on Level 2 of the Dungeon.
             The game lasted 00:17:40 (4116 turns).

Econoterrorist the Poker (Merfolk Skald)            Turns: 4116, Time: 00:17:40

HP  -2/44        AC  5     Str 12      XL: 6   Next:  2%
MP   6/10        EV  9     Int 13      God:
Gold 116         SH  0     Dex 14      Spells:  3 memorised,  3 levels left

rFire  . . .     SeeInvis +     q - +0 spear
rCold  . . .     Clarity  .     h - +0 elf ring mail
rNeg   . . .     Conserve .     (no shield)
rPois  .         rCorr    .     (no helmet)
rElec  .         rRot     .     (no cloak)
SustAb . .       Spirit   .     (no gloves)
rMut   .         Warding  .     (no boots)
Saprov . . .     Stasis   .     (no amulet)
MR     .....                    v - ring of sustenance
                                r - ring of see invisible

@: drained, not resistant to hostile enchantments, very unstealthy
A: change form in water, swift swim
a: no special abilities


You were on level 2 of the Dungeon.
You were not hungry.

You visited 1 branch of the dungeon, and saw 3 of its levels.

You collected 116 gold pieces.

Inventory:

Hand weapons
 o - a +1,+2 whip of draining
 q - a +0,+0 spear (weapon)
 w - a +2,+1 scythe of flaming
Missiles
 e - a throwing net (quivered)
Armour
 h - a +0 elven ring mail (worn)
 l - a +0 leather armour
Magical devices
 s - a wand of frost (0)
Comestibles
 d - a bread ration
 f - an apple
 g - 2 meat rations
 u - a banana
 x - a choko
Scrolls
 j - a scroll of curse jewellery {unknown}
 k - 2 scrolls of identify
 n - 2 scrolls of teleportation
Jewellery
 r - a ring of see invisible (left hand)
 v - a ring of sustenance (right hand)
Potions
 b - a potion of heal wounds
 i - a potion of curing {unknown}
 m - a potion of agility {unknown}
 p - a potion of mutation {unknown}
 t - a potion of resistance {unknown}
 z - a potion of poison {unknown}
 A - a potion of brilliance {unknown}
Books
 c - a book of Battle

   Spells                             Type                      Level
   *Infusion                          Charms                       1
   *Shroud of Golubria                Charms/Translocation         2
   Song of Slaying                    Charms                       2
   Spectral Weapon                    Hexes/Charms                 3
   *Regeneration                      Charms/Necromancy            3


   Skills:
 - Level 2.1(2.0) Fighting
 - Level 6.0(5.9) Polearms
 - Level 0.6(0.5) Armour
 - Level 1.3(1.2) Dodging
 - Level 2.0(1.9) Spellcasting
 + Level 5.8(5.7) Charms


You had 3 spell levels left.
You knew the following spells:

 Your Spells              Type           Power        Failure   Level  Hunger
a - Infusion              Chrm           ###...       2%          1    ##.....
b - Shroud of Golubria    Chrm/Tloc      #.........   14%         2    ###....
c - Regeneration          Chrm/Necr      #.........   28%         3    ####...


Dungeon Overview and Level Annotations

Branches:
Dungeon (3/16)

Altars:


Message History

The orc wizard hits you but does no damage.
You hit the orc wizard.
The orc wizard is almost dead.
The orc wizard barely misses you.
You closely miss the orc wizard.
The orc wizard is almost dead.
The orc wizard hits you with an orcish dagger.
* * * LOW HITPOINT WARNING * * *
You closely miss the orc wizard.
The orc wizard is almost dead.
The orc wizard closely misses you.
You hit the orc wizard but do no damage.
The orc wizard is almost dead.
The orc wizard gestures at you while chanting.
The puff of flame hits you!
Your scroll labeled JYCKYVUCWE catches fire!
* * * LOW HITPOINT WARNING * * *
The orc wizard casts a spell at you. The magic dart hits you!
You die...

#.....##.#.# #.#
#.....##.#.# #.#
#.....##.#.#####.#
#.....##.#)#...#.#
##...###...#.#.#.# #####
#...# #####.#.#.## ....#
#...# #....#.#... ###.#
#[o.# #....#.#### .<#.#
#######@### ####.#.....
#.#.# #....##.# #.######
..#.# ###....##.#######
#.......
....####......##.......#
########
..............##.#####.#
#.. ###...........##.#
#.# #..
###...........##.#####.#
#######
..#.................##.#
#.....#
###..............##.##(#
#.###.#


You could see an orc wizard.

Vanquished Creatures
  Sigmund (D:2)
  8 adders (D:2)
  A giant mite (D:1)
  A worm (D:2)
  A giant gecko (D:2)
  2 oozes
  2 orcs
  2 ball pythons
  4 giant cockroaches
  11 hobgoblins
  4 jackals (D:3)
  9 kobolds
  9 bats
  7 giant newts
  3 goblins
  3 rats
68 creatures vanquished.

Notes
Turn   | Place    | Note
--------------------------------------------------------------
     0 | D:1      | Econoterrorist, the Merfolk Skald, began the quest for the Orb.
     0 | D:1      | Reached XP level 1. HP: 16/16 MP: 3/3
   442 | D:1      | Reached skill level 4 in Polearms
   442 | D:1      | Reached XP level 2. HP: 16/22 MP: 4/4
   935 | D:1      | Learned a level 2 spell: Shroud of Golubria
  1073 | D:1      | Reached XP level 3. HP: 22/27 MP: 6/6
  1160 | D:1      | Reached skill level 5 in Polearms
  1929 | D:2      | Reached skill level 6 in Polearms
  1946 | D:2      | Reached XP level 4. HP: 25/33 MP: 1/7
  2472 | D:2      | Noticed Sigmund
  2509 | D:2      | Killed Sigmund
  2509 | D:2      | Reached skill level 5 in Charms
  2509 | D:2      | Reached XP level 5. HP: 26/38 MP: 7/9
  3271 | D:2      | Learned a level 3 spell: Regeneration
  3778 | D:3      | Reached XP level 6. HP: 26/44 MP: 10/10
  4116 | D:2      | Killed from afar by an orc wizard

Action                   |  1- 3 |  4- 6 || total
-------------------------+-------+-------++-------
Melee: Spear             |   160 |   252 ||   412
 Cast: Infusion          |     2 |     1 ||     3
       Shroud of Golubri |     5 |    21 ||    26
Evoke: Wand              |       |     7 ||     7
  Use: Scroll            |     1 |     1 ||     2
       Potion            |       |     1 ||     1
